 Dungeon Crawl Stone Soup version 0.31.0-11-ge490571c62 (webtiles) character file.

Game seed: 12519201469031443259

176 qw the Skirmisher (level 5, 0/29 HPs)
             Began as a Deep Elf Hunter on Feb 4, 2024.
             Incinerated by a bombardier beetle (3 damage)
             ... with a burning spray
             ... on level 3 of the Dungeon.
             The game lasted 00:00:07 (1852 turns).

qw the Skirmisher (Deep Elf Hunter)                 Turns: 1852, Time: 00:00:08

Health: 0/29       AC:  5    Str: 10    XL:     5   Next: 30%
Magic:  7/7        EV: 11    Int: 14    God:
Gold:   147        SH:  0    Dex: 18    Spells: 4/4 levels left

rFire   . . .        a - +0 shortbow
rCold   . . .        (shield currently unavailable)
rNeg    . . .        d - +0 ring mail
rPois   .            (no helmet)
rElec   .            (no cloak)
rCorr   .            (no gloves)
SInv    .            (no boots)
Will    .....        (no amulet)
Stlth   +            (no ring)
HPRegen 0.24/turn    (no ring)
MPRegen 0.10/turn

%: no passive effects
@: on fire, glowing
A: no striking features
a: no special abilities


You were on level 3 of the Dungeon.
You visited 1 branch of the dungeon, and saw 3 of its levels.

You collected 147 gold pieces.


   Skills:
 - Level 1.5 Fighting
 + Level 8.8 Ranged Weapons
 - Level 2.4 Dodging
 - Level 1.2 Stealth


You had 4 spell levels left.
You didn't know any spells.
Your spell library was empty.

Inventory:

Hand Weapons
 a - a +0 shortbow (weapon)
Armour
 d - a +0 ring mail (worn)
Jewellery
 i - a ring of protection from fire
Scrolls
 b - a scroll of brand weapon {unknown}
 g - 3 scrolls of identify
 h - a scroll of enchant armour {unknown}
Potions
 c - a potion of attraction {unknown}
 e - a potion of invisibility {unknown}
 f - a potion of ambrosia {unknown}
 j - a potion of heal wounds {unknown}

Dungeon Overview and Level Annotations

Branches:
Dungeon (3/15)

Altars:


Message History

You shoot an arrow.
The arrow hits the bombardier beetle but does no damage.
The bombardier beetle is severely wounded.
You shoot an arrow. The arrow hits the bombardier beetle.
The bombardier beetle is severely wounded.
You shoot an arrow. The arrow hits the bombardier beetle.
The bombardier beetle is severely wounded.
You shoot an arrow.
The arrow closely misses the bombardier beetle.
You shoot an arrow.
The arrow closely misses the bombardier beetle.
The bombardier beetle sprays incendiary fluid at you.
The burning spray hits you.
You are covered in liquid fire!
You shoot an arrow.
The arrow barely misses the bombardier beetle.
The liquid fire burns you!
The bombardier beetle sprays incendiary fluid at you.
The burning spray hits you.
You are even more covered in liquid fire!
You shoot an arrow.
The arrow hits the bombardier beetle but does no damage.
The bombardier beetle is severely wounded.
The liquid fire burns you!
You shoot an arrow.
The arrow hits the bombardier beetle but does no damage.
The bombardier beetle is severely wounded.
The liquid fire burns you!
You shoot an arrow. The arrow hits the bombardier beetle.
The bombardier beetle is almost dead.
The liquid fire burns you!
The bombardier beetle barely misses you.
You shoot an arrow. The arrow hits the bombardier beetle.
You kill the bombardier beetle!
The liquid fire burns you!
You are on fire!
The liquid fire burns you!
You are on fire!
The liquid fire burns you!
You die...

#.#
######.###.#.
#.#
#.####.#.#.#.
#.#
#............
#.#
#.####...#...
#.#
#............
#.#
###.##.####..
#.#
#..........
#.#
####.###...
#@# #.# #...
#%# #.# #...
#.# #.# #...
#.# #># #...
#.# #.# #...
#.# #.# #...
#.. ..# #...
#.# #.# ##..
###


There were no monsters in sight!

Vanquished Creatures
  A bombardier beetle (D:3)
  A hound (D:3)
  Terence (D:2)
  An adder (D:2)
  3 dart slugs
  A ribbon worm (D:2)
  6 endoplasms
  4 giant cockroaches
  3 hobgoblins
  2 jackals (D:2)
  8 kobolds
  2 quokkas
  11 ball pythons
  10 bats
  4 frilled lizards
  5 goblins
  5 rats
68 creatures vanquished.

Notes
Turn   | Place    | Note
-------+----------+-------------------------------------------
     0 | D:1      | qw the Deep Elf Hunter began the quest for the Orb.
     0 | D:1      | Reached XP level 1. HP: 12/12 MP: 3/3
     0 | D:1      | 0 ||| qw: Version: 0.3-a-160-g6735b56
     0 | D:1      | 0 ||| qw: Game counter: 5305
     0 | D:1      | 0 ||| qw: Melee chars always use a shield: true
     0 | D:1      | 0 ||| qw: God list: Okawaru
     0 | D:1      | 0 ||| qw: Allow faded altars: false
     0 | D:1      | 0 ||| qw: Do Orc after clearing Dungeon:15 true
     0 | D:1      | 0 ||| qw: Do second Lair branch before Depths: true
     0 | D:1      | 0 ||| qw: Lair rune preference: random
     0 | D:1      | 0 ||| qw: Goals: Normal
     0 | D:1      | 0 ||| PLANNING D:1-11
   125 | D:1      | Reached skill level 6 in Ranged Weapons
   125 | D:1      | Reached XP level 2. HP: 16/16 MP: 4/4
   547 | D:1      | Reached XP level 3. HP: 20/20 MP: 5/5
   596 | D:1      | 596 ||| UPGRADING to +0 ring mail.
   606 | D:1      | 606 ||| DROPPING +0 leather armour.
   607 | D:1      | 607 ||| READING scroll labelled QAGRURH COYTO.
   611 | D:1      | 611 ||| READING 3 scrolls labelled QAUSTO SOULE.
   612 | D:1      | 612 ||| READING scroll labelled VUINAO XIHI.
   612 | D:1      | 612 ||| IDENTIFYING scroll labelled PAFORCH ABIOCA
   613 | D:1      | 613 ||| DROPPING scroll of butterflies.
   614 | D:1      | 614 ||| DROPPING 2 scrolls of summoning.
   615 | D:1      | 615 ||| DROPPING scroll of noise.
   761 | D:2      | Reached skill level 7 in Ranged Weapons
   860 | D:2      | Noticed Terence
   873 | D:2      | Killed Terence
   874 | D:2      | Reached XP level 4. HP: 15/25 MP: 6/6
   967 | D:2      | Found a faded altar of an unknown god.
  1137 | D:2      | 1137 ||| READING scroll labelled TOHOCOUQUQ.
  1138 | D:2      | 1138 ||| READING 2 scrolls labelled PIXOSU NICEKHLY.
  1183 | D:2      | 1183 ||| DROPPING scroll of torment.
  1422 | D:3      | Identified the +4 trident of Linearity {flame, Dex+3
                  | Stlth+}
  1593 | D:3      | Reached skill level 8 in Ranged Weapons
  1703 | D:3      | Reached XP level 5. HP: 29/29 MP: 7/7
  1851 | D:3      | HP: 3/29 [burnt (6)]
  1852 | D:3      | Incinerated by a bombardier beetle

Levels and vault maps discovered:
D:1:      scummos_arrival_hexagon, layout_loops_ring
D:2:      layout_basic, ebering_ecumenical_altar_hall, uniq_terence
D:3:      layout_basic, serial_shops, nicolae_shop_rolled_up,
          kennysheep_another_room, serial_bayou_lagoon_a, kennysheep_path_1,
          dreamdust_princess_corridor, minmay_quadrilaterals

Skill      XL: |  1  2  3  4 |
---------------+-------------+-----
Ranged Weapons | 6 7 8 |  8.8
Fighting       | |  1.5
Dodging        | |  2.4
Stealth        | |  1.2

Action                     |  1- 3 |  4- 6 || total
---------------------------+-------+-------++-------
   Fire: Shortbow          |    88 |    93 ||   181
    Use: Scroll            |     3 |     2 ||     5
 Armour: Leather armour    |     6 |       ||     6
         Ring mail         |     9 |    24 ||    33
  Dodge: Dodged            |    21 |    19 ||    40

Table legend:
 A = Non-vault XP
 B = Vault XP
 C = Vault XP percentage of total XP
 D = Non-vault monster count
 E = Vault monster count
 F = Vault count percentage of total count
                 A         B        C        D         E       F
            +---------+---------+-------+---------+---------+-------
      Total |     204 |      48 |  19.0 |      61 |       7 |  10.3
            +---------+---------+-------+---------+---------+-------
        D:1 |      42 |       0 |   0.0 |      26 |       0 |   0.0
        D:2 |      42 |      36 |  46.2 |      15 |       1 |   6.2
        D:3 |     120 |      12 |   9.1 |      20 |       6 |  23.1
            +---------+---------+-------+---------+---------+-------
